 Dungeon Crawl Stone Soup version 0.20-a0-433-g9e36e56 (webtiles) character file.

12 Asddderdsw the Magician (level 2, -1/17 HPs)
             Began as an Octopode Wizard on Jan 4, 2017.
             Slain by an adder (2 damage)
             ... on level 2 of the Dungeon.
             The game lasted 00:08:21 (314 turns).

Asddderdsw the Magician (Octopode Wizard)            Turns: 314, Time: 00:08:21

Health: -1/17      AC:  1    Str:  6    XL:     2   Next: 33%
Magic:  6/6        EV: 19    Int: 20    God:
Gold:   38         SH:  0    Dex: 15    Spells: 6/7 levels left

rFire  . . .     SeeInvis .     j - +0 whip
rCold  . . .     Gourm    .     (no shield)
rNeg   . . .     Faith    .     a - +0 hat
rPois  .         Spirit   .     (no amulet)
rElec  .         Reflect  .     (no ring)
rCorr  .         Harm     .     (no ring)
MR     .....                    (no ring)
Stlth  ++++......               (no ring)
                                (no ring)
                                (no ring)
                                (no ring)
                                (no ring)

@: agile, lethally poisoned (-1 -> -5)
A: almost no armour, stealthy swim, amphibious, 8 rings, constrict 8, camouflage
1, gelatinous body 1
a: no special abilities


You were on level 2 of the Dungeon.
You were not hungry.

You visited 1 branch of the dungeon, and saw 2 of its levels.

You collected 38 gold pieces.

Inventory:

Hand Weapons
 j - a +0 whip (weapon)
Missiles
 f - 19 stones (quivered)
 l - 17 arrows
Armour
 a - a +0 hat (worn)
 h - a +0 robe
Books
 b - a book of Minor Magic

   Spells                             Type                      Level
   a - Magic Dart                     Conjuration                  1
   b - Blink                          Translocation                2
   c - Call Imp                       Summoning                    2
   d - Repel Missiles                 Charms/Air                   2
   e - Slow                           Hexes                        2
   f - Conjure Flame                  Conjuration/Fire             3
   g - Mephitic Cloud                 Conjuration/Poison/Air       3
Comestibles
 c - a bread ration
 d - 2 chunks of flesh
 i - an inedible chunk of flesh
 k - a meat ration


   Skills:
 + Level 2.2 Dodging
 + Level 2.9 Stealth
 + Level 3.3 Spellcasting
 + Level 1.0 Conjurations
   Level 1.0 Summonings
   Level 1.0 Translocations


You had 6 spell levels left.
You knew the following spells:

 Your Spells              Type           Power        Failure   Level  Hunger
a - Magic Dart            Conj           #...         12%         1    None


Dungeon Overview and Level Annotations

Branches:
Dungeon (2/15)

Altars:


Innate Abilities, Weirdness & Mutations

You cannot wear most types of armour.
You are very stealthy in the water. (Stealth+)
You are amphibious.
You can wear up to eight rings at the same time.
You can use your tentacles to constrict eight enemies at once.
Your skin changes colour to match your surroundings (Stealth+).
Your rubbery body absorbs attacks. (AC +1, EV +1)


Message History

You barely miss the adder. Your grab misses the adder.
The adder barely misses you. The adder bites you.
Unknown command.
You hit the adder. Your grab misses the adder.
The adder is lightly wounded.
The adder bites you.
You miss the adder. Your grab misses the adder.
The adder is lightly wounded.
The adder closely misses you. The adder bites you. The adder barely misses you.
The adder bites you.
* * * LOW HITPOINT WARNING * * *
You feel agile all of a sudden. The adder bites you.
* * * LOW HITPOINT WARNING * * *
You are lethally poisoned!
The adder poisons you!
* * * LOW HITPOINT WARNING * * *
You feel sick. The adder bites you.
You die...

#..........#
#%.###.#.#.# #..#
#.#.# .. #####..#
#.#.# .# ...#..#
..#.# # #
#.#..#.###<# #.
#..............#
#.###.##.#.#.#.#####
#...@.##.#.#.#.#
###S####.. . ..#
###.###.# ##.#.###
.......(# .....
##...#### ## ## #..
#. #


You could see an adder.

Vanquished Creatures
  A dart slug (D:1)
  2 leopard geckos (D:2)
  3 kobolds
  2 bats
8 creatures vanquished.

Vanquished Creatures (others)
  A bat (D:1)
  2 hobgoblins (D:1)
3 creatures vanquished.

Grand Total: 11 creatures vanquished

Notes
Turn   | Place    | Note
-------+----------+-------------------------------------------
     0 | D:1      | Asddderdsw the Octopode Wizard began the quest for the Orb.
     0 | D:1      | Reached XP level 1. HP: 11/11 MP: 4/4
   249 | D:2      | Reached XP level 2. HP: 17/17 MP: 0/6
   314 | D:2      | Slain by an adder

Vault maps used:
D:1:      saegor_arrival_simple_e, lemuel_flame_loot_1
D:2:      lemuel_blue_sif_altar, first_bread

Action                   || total
-------------------------++-------
Melee: Unarmed           ||    11
       Constrict         ||     4
       Tentacles         ||     1
       Whip              ||     7
Throw: Stone             ||     4
 Cast: Magic Dart        ||     4
  Use: Potion            ||     2
       Scroll            ||     1
Armor: Skin              ||     3
Dodge: Dodged            ||    18
